 Dungeon Crawl Stone Soup version 0.28-a0-1395-g4f6bc678fa (webtiles) character file.

Game seed: 13938219563636117254

82 Deminshera the Stinger (level 4, -1/30 HPs)
             Began as a Demonspawn Wanderer on Jan 4, 2022.
             Was a Follower of Okawaru.
             Slain by Sigmund (4 damage)
             ... on level 3 of the Dungeon.
             The game lasted 00:05:21 (3359 turns).

Deminshera the Stinger (Demonspawn Wanderer)        Turns: 3359, Time: 00:05:22

Health: -1/30      AC:  2    Str: 17    XL:     4   Next: 21%
Magic:  5/5        EV: 11    Int: 16    God:    Okawaru [*.....]
Gold:   101        SH:  5    Dex: 13    Spells: 0/5 levels left

rFire   . . .      SeeInvis .   a - +0 dagger
rCold   . . .      Faith    .   c - +0 buckler
rNeg    . . .      Spirit   .   p - +0 robe {Will+}
rPois   .          Reflect  .   (helmet restricted)
rElec   .          Harm     .   (no cloak)
rCorr   .          Rampage  .   (no gloves)
Will    +....                   (no boots)
Stlth   +++.......              n - amulet of Anarchy {RegenMP Stlth+}
HPRegen 0.10/turn               b - +6 ring of strength
MPRegen 0.49/turn               (no ring)

@: brilliant, about to teleport, attractive, very slightly contaminated
A: antennae 1, weakness stinger 1
a: Renounce Religion, Heroism


You were on level 3 of the Dungeon.
You worshipped Okawaru.
Okawaru was aware of your devotion.
You visited 1 branch of the dungeon, and saw 3 of its levels.

You collected 101 gold pieces.

Inventory:

Hand Weapons
 a - a +0 dagger (weapon)
Missiles
 g - 5 silver boomerangs
Armour
 c - a +0 buckler (worn)
 p - a +0 robe of willpower (worn)
Magical Staves
 k - a staff of conjuration
Jewellery
 b - a +6 ring of strength (left hand)
 n - the amulet of Anarchy (around neck) {RegenMP Stlth+}
   (You found it on level 2 of the Dungeon)

   [amulet of magic regeneration]

   It increases your rate of magic regeneration.
   Stlth:     It makes you more stealthy.
Scrolls
 d - a scroll of identify
 h - a scroll of blinking {unknown}
 j - a scroll of enchant weapon {unknown}
 l - a scroll of holy word {unknown}
 m - a scroll of amnesia {unknown}
 o - a scroll of immolation {unknown}
 q - a scroll of acquirement {unknown}
Potions
 r - a potion of brilliance


   Skills:
 - Level 1.0 Stealth
 + Level 3.8 Shields
 + Level 1.2 Spellcasting
 - Level 1.9 Air Magic
 + Level 4.1 Poison Magic


You couldn't memorise any spells.
You knew the following spells:

 Your Spells              Type           Power      Damage    Failure   Level
a - Sting                 Tmut/Pois      44%        1d5       10%         1
b - Olgreb's Toxic Radia  Pois           21%        N/A       38%         4

Your spell library contained the following spells:

 Spells                   Type           Power      Damage    Failure   Level
 Poisonous Vapours        Pois/Air       32%        N/A       10%         2
 Corpse Rot               Necr/Air       12%        N/A       22%         2
 Static Discharge         Conj/Air       6%         N/A       22%         2
 Spider Form              Tmut/Pois      11%        N/A       28%         3


Dungeon Overview and Level Annotations

Branches:
Dungeon (3/15)

Altars:
Okawaru

Annotations:
D:3 Sigmund


Innate Abilities, Weirdness & Mutations

You have a pair of small antennae on your head.
You have a small tail.


Message History

Okawaru accepts your kill.
Your magical contamination has completely faded away.
You start waiting.
Done waiting.
l - a scroll labelled JAIKHL KYREM No target in view!
You see here a +0 club.
You now have 94 gold pieces (gained 7).
i - 2 emerald potions (gained 1)
q - a scroll labelled TATZES ETUTU You now have 101 gold pieces (gained 7).
r - 2 glowing puce potions Sigmund the Dreaded comes into view.
He is wielding a +0 vorpal scythe.
Sigmund shouts!
Sigmund points at you and mumbles some strange words.
The puff of flame hits you.
It was a potion of curing.
You feel better. You block Sigmund's attack.
It was a potion of brilliance.
You feel clever all of a sudden.
Casting: Sting (safe; 10% risk of failure)
Confirm with . or Enter, or press ? or * to list all spells.
The spell is potentially lethal to miscast (38% risk of failure)!
Continue anyway?
You feel a surge of power!
You miscast Olgreb's Toxic Radiance.
You are very lightly contaminated with residual magic.
You feel rather nauseous for a moment!
You are poisoned.
You feel sick.
Sigmund hits you with a +0 vorpal scythe!
* * * LOW HITPOINT WARNING * * *
x2 You feel better.
Sigmund barely misses you.
It was a potion of attraction.
You feel attractive to monsters.
Okay, then.
As you read the scroll of teleportation, it crumbles to dust.
You feel strangely unstable.
Sigmund smiles chillingly.
Sigmund hits you with a +0 vorpal scythe!
* * * LOW HITPOINT WARNING * * *
You die...

# ###.### .......
###.....@. ### #.........
..# #@#....... ..#
#@#....... ..# #.#.......
..# #.#....... ..#
#.#....... ..#
####.######## ..#
#...........# ..########
#...........## .........#
#............#
.........####...........##


You could see Sigmund.

Vanquished Creatures
  Jessica (D:2)
  A worm (D:2)
  3 dart slugs
  3 endoplasms
  2 giant cockroaches (D:2)
  4 goblins
  4 hobgoblins
  3 jackals (D:2)
  2 quokkas
  3 ball pythons
  7 bats
  3 frilled lizards
  5 kobolds
  3 rats
44 creatures vanquished.

Notes
Turn   | Place    | Note
-------+----------+-------------------------------------------
     0 | D:1      | Deminshera the Demonspawn Wanderer began the quest for the
                  | Orb.
     0 | D:1      | Deminshera set off with the following items: a +0 dagger, a
                  | +0 robe, a +0 buckler; and the following spell memorised:
                  | Sting; and the following spells available to memorise:
                  | Poisonous Vapours, Static Discharge, Spider Form, Olgreb's
                  | Toxic Radiance
     0 | D:1      | Reached XP level 1. HP: 13/13 MP: 2/2
   560 | D:1      | Discovered your monstrous ancestry.
   560 | D:1      | Gained mutation: You have a small tail. [demonic ancestry]
   560 | D:1      | Reached XP level 2. HP: 19/19 MP: 1/3
  1596 | D:2      | Found a faded altar of an unknown god.
  1721 | D:2      | Prayed at the altar of an unknown god.
  1721 | D:2      | Became a worshipper of Warmaster Okawaru
  1721 | D:2      | Reached * piety under Okawaru
  1790 | D:2      | Reached XP level 3. HP: 24/24 MP: 2/4
  2415 | D:2      | Identified the amulet of Anarchy {RegenMP Stlth+}
  2435 | D:2      | Noticed Jessica
  2448 | D:2      | Killed Jessica
  2464 | D:2      | Gained mutation: You have a pair of small antennae on your
                  | head. [demonic ancestry]
  2464 | D:2      | Reached XP level 4. HP: 22/30 MP: 1/5
  2671 | D:2      | Learned a level 4 spell: Olgreb's Toxic Radiance
  3345 | D:3      | Noticed Sigmund
  3359 | D:3      | Slain by Sigmund

Illustrated notes

Levels and vault maps discovered:
D:1:      minmay_arrival_diagonal_passages, layout_rooms, serial_rivers,
          chequers_serial_rivers_large_a, chequers_serial_rivers_micro_b,
          chequers_serial_rivers_large_b, chequers_serial_rivers_marsh
D:2:      layout_loops_ring, nicolae_ecumenical_oubliette, grunt_decor_clamped,
          uniq_jessica
D:3:      layout_basic, uniq_crazy_yiuf_cottage, uniq_sigmund

Skill      XL: |  1  2  3 |
---------------+----------+-----
Shields        | 2 3 |  3.8
Stealth        | |  1.0
Spellcasting   | |  1.2
Air Magic      | |  1.9
Poison Magic   | |  4.1

Action                   |  1- 3 |  4- 6 || total
-------------------------+-------+-------++-------
Melee: Dagger            |    61 |     7 ||    68
       Tailslap          |     7 |       ||     7
 Cast: Sting             |    38 |    14 ||    52
  Use: Scroll            |     1 |     1 ||     2
       Potion            |       |     4 ||     4
Armor: Robe              |    17 |     1 ||    18
Dodge: Dodged            |    35 |     6 ||    41
Block: Buckler           |     9 |     1 ||    10

Table legend: (Time is in decaauts)
 A = Elapsed time spent in this place.
 B = Non-inter-level travel time spent in this place.
 C = Inter-level travel time spent in this place.
 D = Time resting spent in this place.
 E = Time spent auto-exploring this place.
 F = Levels seen in this place.
 G = Mean time per level.
                   A        B        C        D        E       F      G
               +--------+--------+--------+--------+--------+-----+--------+
         Total |   3418 |   3277 |    141 |   1268 |   1547 |   3 | 1139.3 |
       Dungeon |   3418 |   3277 |    141 |   1268 |   1547 |   3 | 1139.3 |
               +--------+--------+--------+--------+--------+-----+--------+

Top non-repeatable levels by time:
     D:1: 1717 daAuts
     D:2: 1448 daAuts
     D:3: 252 daAuts
